 Dungeon Crawl Stone Soup version 0.30.1-11-g7821555f0a (webtiles) character file.

Game seed: 12849757638331010351

4486 fireball365 the Cleaver (level 10, -2/135 HPs)
             Began as a Hill Orc Fighter on Dec 2, 2023.
             Was an Initiate of Gozag.
             Succumbed to a killer bee's poison
             ... on level 8 of the Dungeon.
             The game lasted 00:16:34 (8572 turns).

fireball365 the Cleaver (Hill Orc Fighter)          Turns: 8572, Time: 00:16:35

Health: -2/135     AC: 29    Str: 29    XL:     10   Next: 38%
Magic:  10/10      EV:  2    Int: 12    God:    Gozag
Gold:   1131       SH:  0    Dex:  9    Spells: 9/9 levels left

rFire   + . .        L - +0 battleaxe
rCold   + . .        (shield currently unavailable)
rNeg    . . .        B - melded +0 chain mail
rPois   +            v - melded +0 helmet
rElec   +            P - melded +0 cloak
rCorr   +            M - melded +0 pair of gloves
SInv    .            H - melded +1 pair of boots
Will    +....        (no amulet)
Stlth   +            g - +4 ring of protection
HPRegen 0.42/turn    r - +6 ring of strength
MPRegen 0.12/turn

%: no passive effects
@: mighty, lethally poisoned (-2 -> -16), tree-form, resistant, gold aura
A: stationary, stasis, torment immunity, boosted hp, clever 1, (cold resistance
1), strong-willed 1, evolution 1
a: Renounce Religion, Potion Petition, Call Merchant, Bribe Branch


You were on level 8 of the Dungeon.
You worshipped Gozag.
Gozag was most pleased with you.
You were a tree.
You visited 2 branches of the dungeon, and saw 9 of its levels.

You collected 1242 gold pieces.
You paid 111 gold pieces to Gozag.

Inventory:

Hand Weapons
 a - a +0 war axe
 L - a +0 battleaxe (weapon)
 O - a +0 great mace
Armour
 c - a +0 buckler
 v - a +0 helmet (melded)
 B - a +0 chain mail (melded)
 H - a +1 pair of boots (melded)
 M - a +0 pair of gloves (melded)
 P - a +0 cloak (melded)
Jewellery
 g - a +4 ring of protection (left branch)
 r - a +6 ring of strength (right branch)
 C - the ring of Beogh's Pride {Fire rElec Str-2 Int+2}
   (You found it on level 5 of the Dungeon)

   [ring of fire]

   It enhances your fire magic.
   Str:       It affects your strength (-2).
   Int:       It affects your intelligence (+2).
   rF:        It protects you from fire.
   rC:        It makes you vulnerable to cold.
   rElec:     It insulates you from electricity.
 E - a ring of protection from cold
Wands
 z - a wand of paralysis (10)
 A - a wand of digging (6)
 I - a wand of iceblast (12)
 N - a wand of quicksilver (1)
Scrolls
 b - a scroll of identify
 i - a scroll of silence {unknown}
 j - 3 scrolls of poison
 k - 2 scrolls of vulnerability {unknown}
 n - 2 scrolls of torment {unknown}
 o - a scroll of magic mapping
 p - 2 scrolls of enchant armour
 t - a scroll of enchant weapon
 G - a scroll of summoning {unknown}
 K - a scroll of fear {unknown}
Potions
 f - a potion of invisibility {unknown}
 h - 3 potions of attraction
 l - a potion of haste
 m - 2 potions of magic
 q - a potion of mutation
 u - 2 potions of berserk rage
 x - 2 potions of resistance
 F - 2 potions of brilliance


   Skills:
 + Level 8.7 Fighting
 + Level 13.3 Axes
 + Level 7.7 Armour
 + Level 2.9 Dodging
 + Level 1.2 Stealth
 + Level 5.6 Shields


You had 9 spell levels left.
You didn't know any spells.
Your spell library contained the following spells:

 Spells                   Type           Power      Damage    Failure   Level
 Inner Flame              Hex/Fire       0%         N/A       69%         3
 Summon Guardian Golem    Hex/Summ       0%         N/A       69%         3
 Tukima's Dance           Hex            0%         N/A       69%         3
 Flame Wave               Conj/Fire      0%         2d4       97%         4
 Passage of Golubria      Tloc           0%         N/A       97%         4
 Sticky Flame             Conj/Fire      0%         2d3       97%         4
 Summon Forest            Summ/Tloc      0%         N/A       100%        5
 Summon Mana Viper        Hex/Summ       0%         N/A       100%        5
 Yara's Violent Unravell  Hex/Tmut       0%         3d3       100%        5
 Summon Cactus Giant      Summ           0%         N/A       100%        6
 Orb of Destruction       Conj           0%         9d5       100%        7
 Spellforged Servitor     Conj/Summ      0%         N/A       100%        7


Dungeon Overview and Level Annotations

Branches:
Dungeon (8/15)             Temple (1/1) D:5
   Lair: D:8-11

Altars:
Cheibriados
Dithmenos
Elyvilon
Gozag
Hepliaklqana
Kikubaaqudgha
Makhleb
Ru
Uskayaw
Vehumet
Wu Jian
Xom
Yredelemnul
The Shining One


Innate Abilities, Weirdness & Mutations

You are a tree.
Your roots penetrate the ground, keeping you stationary.
You cannot be teleported.
You are immune to unholy pain and torment.
Your maximum health is greatly increased.
Your equipment is partially melded.
Your mind is acute. (Int +4, Str/Dex -1)
((Your flesh is cold resistant. (rC+)))
You are strong-willed. (Will+)
You have hidden genetic potential.


Message History

The killer bee stings you but does no damage.
The killer bee stings you.
* * * LOW HITPOINT WARNING * * *
The killer bee stings you but does no damage. x4
You cannot move.
You hit the killer bee.
The killer bee is lightly wounded.
You closely miss the killer bee. You slash the killer bee!
You feel sick.
The killer bee stings you but does no damage.
The killer bee stings you.
* * * LOW HITPOINT WARNING * * *
The killer bee stings you.
* * * LOW HITPOINT WARNING * * *
You are more poisoned.
The killer bee poisons you!
A howler monkey comes into view.
The killer bee stings you.
* * * LOW HITPOINT WARNING * * *
The killer bee stings you but does no damage.
The killer bee stings you.
* * * LOW HITPOINT WARNING * * *
The killer bee stings you but does no damage.
The killer bee stings you!
* * * LOW HITPOINT WARNING * * *
The killer bee stings you but does no damage.
The howler monkey moves out of view.
You feel very mighty all of a sudden.
* * * LOW HITPOINT WARNING * * *
You feel very sick.
The killer bee stings you but does no damage.
The killer bee stings you.
* * * LOW HITPOINT WARNING * * *
You are more poisoned.
The killer bee poisons you!
The killer bee stings you but does no damage. x2
The killer bee completely misses you.
The killer bee stings you but does no damage.
You feel protected.
You die...
Your body crumbles into a pile of gold.

######
.....# #
#....
#..##yy#.#
#...y♣$..#
.........#.#
...#.>.....
. ...#...###
...#.#....
.. # #.....
. ##.##. #.#
..


You could see 3 killer bees.

Vanquished Creatures
  Pikel (D:7)
  Maggie (D:7)
  Sigmund (D:5)
  A wyvern (D:7)
  An acid dragon (D:7)
  Duvessa (Temple)
  A water moccasin (D:7)
  A hornet zombie (D:6)
  An ice beast (D:6)
  A black bear (D:5)
  2 ogres
  3 phantoms
  3 centaurs
  2 lemures (D:7)
  Blork the orc (D:6)
  A bullfrog (D:7)
  3 scorpions
  A water moccasin zombie (D:6)
  5 wights (D:6)
  Dowan (Temple)
  A killer bee (D:8)
  A howler monkey (D:8)
  4 bullfrog zombies (D:6)
  5 centaur zombies (D:6)
  A centaur skeleton (D:6)
  5 hounds
  Crazy Yiuf (D:7)
  3 jellies (D:7)
  3 orc priests
  2 sleepcaps
  2 bullfrog skeletons (D:6)
  2 gnoll boudas
  3 iguanas
  Ijyb (D:5)
  4 orc wizards
  2 killer bee zombies (D:6)
  3 howler monkey zombies (D:6)
  9 adders
  15 gnolls
  2 howler monkey skeletons (D:6)
  A shadow imp (D:6)
  2 white imps
  A worm (D:4)
  2 dart slugs
  23 orcs
  4 endoplasms
  7 giant cockroaches
  9 goblins
  8 hobgoblins
  A quokka (D:3)
  16 ball pythons
  8 bats
  A frilled lizard (D:1)
  11 kobolds
  6 rats
201 creatures vanquished.

Notes
Turn   | Place    | Note
-------+----------+-------------------------------------------
     0 | D:1      | fireball365 the Hill Orc Fighter began the quest for the
                  | Orb.
     0 | D:1      | Reached XP level 1. HP: 19/19 MP: 1/1
   171 | D:1      | Reached XP level 2. HP: 24/27 MP: 2/2
   329 | D:1      | Reached skill level 3 in Axes
   367 | D:1      | Reached XP level 3. HP: 23/33 MP: 3/3
   860 | D:2      | Reached XP level 4. HP: 37/40 MP: 4/4
   947 | D:2      | Reached skill level 4 in Axes
  2039 | D:3      | Reached XP level 5. HP: 47/47 MP: 5/5
  2840 | D:4      | You fall into a shaft and drop 2 floors!
  2845 | D:5      | Entered Level 5 of the Dungeon
  2845 | D:5      | Found a burning altar of Makhleb.
  2846 | D:5      | Noticed Sigmund
  2848 | D:5      | Noticed Ijyb
  2854 | D:5      | Killed Sigmund
  2855 | D:5      | Reached skill level 5 in Axes
  2855 | D:5      | Reached skill level 1 in Dodging
  2855 | D:5      | Reached XP level 6. HP: 35/53 MP: 6/6
  2863 | D:5      | Reached skill level 6 in Axes
  2866 | D:5      | Killed Ijyb
  3015 | D:5      | Reached XP level 7. HP: 42/60 MP: 7/7
  3099 | D:5      | Found a staircase to the Ecumenical Temple.
  3104 | D:5      | Identified the ring of Beogh's Pride {Fire rElec Str-2
                  | Int+2}
  3108 | D:5      | Noticed Dowan
  3110 | Temple   | Entered the Ecumenical Temple
  3142 | Temple   | Became a worshipper of Gozag Ym Sagoz the Greedy
  3174 | D:5      | Noticed Duvessa
  3277 | Temple   | Reached skill level 5 in Armour
  3283 | Temple   | Killed Dowan
  3284 | Temple   | Reached skill level 5 in Fighting
  3284 | Temple   | Killed Duvessa
  3537 | D:5      | Reached skill level 7 in Axes
  3745 | D:4      | Reached XP level 8. HP: 69/69 MP: 8/8
  3757 | D:4      | Reached skill level 8 in Axes
  5077 | D:4      | Reached skill level 1 in Stealth
  5598 | D:5      | Reached skill level 9 in Axes
  6110 | D:6      | Noticed Blork the orc
  6120 | D:6      | Killed Blork the orc
  6283 | D:6      | Reached XP level 9. HP: 60/79 MP: 9/9
  6494 | D:6      | Reached skill level 10 in Axes
  6547 | D:6      | Reached skill level 5 in Shields
  7162 | D:6      | Reached skill level 11 in Axes
  7515 | D:7      | Reached skill level 12 in Axes
  7515 | D:7      | Reached XP level 10. HP: 89/89 MP: 10/10
  7537 | D:7      | Found a white marble altar of Elyvilon.
  7643 | D:7      | Noticed Pikel
  7661 | D:7      | Killed Pikel
  7847 | D:7      | Reached skill level 13 in Axes
  8003 | D:7      | Noticed Maggie
  8022 | D:7      | Killed Maggie
  8434 | D:7      | Found a runed translucent door.
  8435 | D:7      | Noticed Crazy Yiuf
  8439 | D:7      | Killed Crazy Yiuf
  8551 | D:8      | Paralysed by a hornet for 2 turns
  8555 | D:8      | Paralysed by a hornet for 1 turns
  8558 | D:8      | Paralysed by a hornet for 3 turns
  8563 | D:8      | Gained mutation: You are strong-willed. (Will+) [potion of
                  | mutation]
  8563 | D:8      | Gained mutation: Your mind is acute. (Int +4, Str/Dex -1)
                  | [potion of mutation]
  8563 | D:8      | Gained mutation: Your flesh is cold resistant. (rC+)
                  | [potion of mutation]
  8563 | D:8      | Gained mutation: You have hidden genetic potential. [potion
                  | of mutation]
  8563 | D:8      | HP: 4/90 [killer bee (1)]
  8571 | D:8      | HP: 5/135 [poisoned by a killer bee]
  8571 | D:8      | HP: 2/135 [killer bee (3)]
  8572 | D:8      | Succumbed to a killer bee's poison

Illustrated notes

Levels and vault maps discovered:
D:1:      tarquinn_simple_flora_water_f, layout_loops_ring
D:2:      kennysheep_big_flooded_room, layout_basic, minmay_shallow_snake_nest
D:3:      minmay_evil_eye, layout_loops_ring
D:4:      layout_layer_cave
D:5:      layout_cave_pools, makhleb_heckhound_becter,
          minmay_temple_entry_mini_moons, serial_bayou, serial_bayou_pond_b,
          serial_bayou_lake_a, serial_bayou_shore_a, serial_bayou_pond_e,
          uniq_ijyb, uniq_sigmund, uniq_duvessa
D:6:      layout_basic, serial_undead, serial_undead_e, serial_undead_f,
          serial_undead_d, serial_undead_b, serial_undead_d, serial_undead_f,
          serial_undead_e, serial_undead_e, uniq_blork_the_orc
D:7:      layout_basic, elyvilon_altar_3, uniq_maggie, uniq_pikel,
          uniq_crazy_yiuf_cottage
D:8:      layout_basic, lemuel_coloured_pillars_altar, kennysheep_mini_moat,
          serial_shops, nicolae_shop_scrapyard, kennysheep_generic_room_16,
          uniq_erica
Temple:   minmay_temple_bridge_abc

Skill      XL: |  1  2  3  4  5  6  7  8  9 10 |
---------------+-------------------------------+-----
Axes           | 3 4 5 6 7 9 12 13 | 13.3
Fighting       | 4 5 7 8 |  8.7
Armour         | 4 5 6 7 |  7.7
Shields        | 4 5 |  5.6
Dodging        | 1 2 |  2.9
Stealth        | 1 |  1.2

Action                     |  1- 3 |  4- 6 |  7- 9 | 10-12 || total
---------------------------+-------+-------+-------+-------++-------
  Melee: War axe           |    87 |   122 |   321 |       ||   530
         Battleaxe         |       |       |    28 |    68 ||    96
    Use: Scroll            |     2 |     4 |       |     7 ||    13
         Potion            |       |       |       |     7 ||     7
   Stab: Distracted        |       |       |       |     1 ||     1
 Armour: Scale mail        |    70 |    90 |       |       ||   160
         Chain mail        |       |       |   290 |    59 ||   349
         Skin              |       |       |       |    49 ||    49
  Dodge: Dodged            |    61 |   116 |   193 |    58 ||   428
  Block: Buckler           |    34 |    51 |    88 |       ||   173
